 Dungeon Crawl Stone Soup version 0.20-a0-443-g0464b71 (webtiles) character file.

1139 ThermosAquaticus the Skirmisher (level 8, -1/64 HPs)
             Began as a Barachian Assassin on Jan 6, 2017.
             Was an Initiate of Cheibriados.
             Splashed by a jelly's acid (9 damage)
             ... on level 5 of the Dungeon.
             The game lasted 00:20:21 (7923 turns).

ThermosAquaticus the Skirmisher (BaAs)              Turns: 7923, Time: 00:20:23

Health: -1/64      AC: -8    Str: 10    XL:     8   Next: 37%
Magic:  9/9        EV: 12    Int: 11    God:    Cheibriados [......]
Gold:   172        SH:  0    Dex: 15    Spells: 7/7 levels left

rFire  . . .     SeeInvis .     y - +0 falchion
rCold  . . .     Gourm    .     k - +0 ring mail
rNeg   . . .     Faith    .     (no shield)
rPois  .         Spirit   .     B - +2 hat
rElec  .         Reflect  .     d - +0 cloak
rCorr  .         Harm     .     F - +2 pair of gloves {archery}
MR     .....                    (no boots)
Stlth  ++........               (no amulet)
                                (no ring)
                                (no ring)

@: corroded, very slow
A: swims, slowness 1, strong legs 1
a: Hop, Bend Time, Renounce Religion


You were on level 5 of the Dungeon.
You worshipped Cheibriados.
Cheibriados was noncommittal.
You were not hungry.

You visited 2 branches of the dungeon, and saw 6 of its levels.
You also visited: Ossuary.

You collected 361 gold pieces.
You spent 189 gold pieces at shops.

Inventory:

Hand Weapons
 a - a +2 dagger
 b - a +0 blowgun
 y - a +0 falchion (weapon)
Missiles
 e - 25 poisoned needles
 f - 2 curare-tipped needles
Armour
 c - a +0 robe
 d - a +0 cloak (worn)
 k - a +0 ring mail (worn)
 B - a +2 hat (worn)
 F - a +2 pair of gloves of archery (worn)
Jewellery
 u - an uncursed amulet of harm
Scrolls
 h - a scroll of immolation
 l - 2 scrolls of recharging {unknown}
 m - a scroll of blinking {unknown}
 p - 5 scrolls of remove curse
 q - 2 scrolls of random uselessness {unknown}
 s - 2 scrolls of teleportation
 x - a scroll of fear {unknown}
 A - 2 scrolls of enchant armour {unknown}
 D - a scroll of noise {unknown}
 G - a scroll of identify
Potions
 i - 3 potions of magic
 n - a potion of resistance
 o - a potion of ambrosia
 r - 2 potions of brilliance
 t - 2 potions of lignification
 w - a potion of cancellation
 z - 2 potions of curing
Comestibles
 g - 7 bread rations
 j - 3 chunks of flesh
 v - 3 fruits
 C - 2 meat rations
 E - a slice of pizza


   Skills:
 - Level 6.2 Fighting
 - Level 4.0(4.7) Short Blades
 + Level 3.9(4.9) Long Blades
 - Level 1.7 Throwing
 - Level 2.9 Armour
 + Level 4.6 Dodging
 - Level 4.0 Stealth
 + Level 2.3 Invocations


You had 7 spell levels left.
You didn't know any spells.

Dungeon Overview and Level Annotations

Branches:
Dungeon (5/15)             Temple (1/1) D:4

Altars:
Ashenzari
Cheibriados
Dithmenos
Elyvilon
Fedhas
Gozag
Hepliaklqana
Kikubaaqudgha
Makhleb
Nemelex Xobeh
Okawaru
Qazlal
Ru
Sif Muna
Trog
Uskayaw
Vehumet
Xom
Yredelemnul
Zin
The Shining One

Shops:
D:4 [   D:5 [

Annotations:
D:1 1 runed door


Innate Abilities, Weirdness & Mutations

You can swim through water.
You cover ground slowly.
You can hop short distances.


Message History

The jelly hits you. The acid corrodes you!
You are splashed with acid!
The acid burns!
You are too injured to fight recklessly!
You hit the jelly but do no damage.
Your hands burn!
The jelly is almost dead.
The jelly hits you. The acid corrodes you!
You are splashed with acid!
The acid burns!
* * * LOW HITPOINT WARNING * * *
You hit the jelly but do no damage.
Your hands burn!
* * * LOW HITPOINT WARNING * * *
The jelly is almost dead.
The jelly closely misses you.
You riposte.
You hit the jelly but do no damage.
The jelly is almost dead.
You hit the jelly but do no damage.
Your hands burn!
* * * LOW HITPOINT WARNING * * *
The jelly is almost dead.
The jelly hits you.
* * * LOW HITPOINT WARNING * * *
The acid corrodes you!
You are splashed with acid!
The acid burns!
You die...

#....##..#........<......
#....##..#...............
.......#..#####...........
........#... #.......###'
........##..##..#####+###...
..##..(.##..##.... +....
.....#... ##... #.J.#..#
#... #.@##..# #... ##..##..#
.... #.......# .....
+.....).# ##..##..# #####
#..##..##+#####....
#...#..#...........
#$>.#..#...........
#####..#...........


You could see a jelly.

Vanquished Creatures
  A sky beast (D:5)
  A centaur (D:5)
  2 elf zombies (Ossuary)
  The ghost of McCoppin the Skirmisher, a weakling BaFi (D:3)
  4 centaur zombies (Ossuary)
  A hound (D:4)
  An orc wizard (D:3)
  A gnoll shaman (D:5)
  2 human zombies (Ossuary)
  A centaur skeleton (D:5)
  Ijyb (D:2)
  An iguana (D:4)
  3 worker ants (D:4)
  A big kobold zombie (Ossuary)
  A hound zombie (Ossuary)
  4 mummies
  5 gnolls (D:5)
  A howler monkey skeleton (D:4)
  6 adders
  A river rat (D:4)
  An ooze (D:1)
  2 adder zombies (Ossuary)
  2 adder skeletons (D:4)
  2 worms
  A dart slug (D:3)
  A leopard gecko (D:4)
  11 orcs
  2 ball pythons
  4 giant cockroaches
  12 hobgoblins
  9 jackals
  3 quokkas
  9 bats
  7 frilled lizards
  A gnoll zombie (Ossuary)
  14 goblins
  4 goblin zombies
  4 hobgoblin zombies (Ossuary)
  A jackal zombie (Ossuary)
  3 kobolds
  2 kobold zombies (Ossuary)
  6 quokka zombies (Ossuary)
  9 rats
  6 rat zombies (Ossuary)
155 creatures vanquished.

Notes
Turn   | Place    | Note
-------+----------+-------------------------------------------
     0 | D:1      | ThermosAquaticus the Barachian Assassin began the quest for the Orb.
     0 | D:1      | Reached XP level 1. HP: 16/16 MP: 1/1
     1 | D:1      | Found a runed door.
   289 | D:1      | Reached XP level 2. HP: 23/23 MP: 2/2
   772 | D:1      | Reached skill level 3 in Fighting
  1106 | D:1      | Reached XP level 3. HP: 29/29 MP: 3/3
  1564 | D:2      | Noticed a bullfrog
  1713 | D:2      | Reached XP level 4. HP: 36/37 MP: 4/4
  1885 | D:2      | You fall through a shaft for 2 floors!
  1904 | D:4      | Found a sand-covered staircase.
  2029 | Ossuary  | Entered an ossuary
  2137 | Ossuary  | Reached skill level 4 in Fighting
  2164 | Ossuary  | Reached XP level 5. HP: 6/43 MP: 5/5
  2171 | Ossuary  | HP: 1/43 [hobgoblin zombie (3)]
  2364 | Ossuary  | Reached skill level 5 in Fighting
  2364 | Ossuary  | Reached skill level 1 in Armour
  2364 | Ossuary  | Reached XP level 6. HP: 23/51 MP: 6/6
  3518 | Ossuary  | Reached XP level 7. HP: 38/56 MP: 7/7
  3818 | D:4      | Found Reideps's Antique Armour Emporium.
  4237 | D:3      | Noticed McCoppin's ghost (weakling BaFi)
  4680 | D:2      | Noticed Ijyb
  4712 | D:2      | Killed Ijyb
  4712 | D:2      | Reached skill level 6 in Fighting
  5736 | D:3      | Killed McCoppin's ghost
  5921 | D:3      | Reached skill level 1 in Long Blades
  6617 | D:4      | Found a staircase to the Ecumenical Temple.
  6629 | Temple   | Entered the Ecumenical Temple
  6672 | Temple   | Became a worshipper of Cheibriados the Contemplative
  6838 | D:4      | Reached XP level 8. HP: 41/64 MP: 8/8
  7310 | D:4      | Bought a pair of glowing gloves for 189 gold pieces
  7333 | D:5      | Entered Level 5 of the Dungeon
  7388 | D:5      | Reached skill level 1 in Invocations
  7657 | D:5      | Found Neovvues's Armour Emporium.
  7923 | D:5      | Splashed by a jelly's acid

Vault maps used:
D:1:      dpeg_arrival_caged_fury
D:2:      kennysheep_goblin_castle, first_bread, lightli_corner_chamber
D:4:      nicolae_ossuary_entry_giza, serial_shops, kennysheep_mini,
          portal_sewer_entry_c
D:5:      serial_shops, shop, uniq_edmund
Temple:   kilobyte_greek_temple
Ossuary:  minmay_ossuary_two_tombs

Skill      XL: |  1  2  3  4  5  6  7  8 |
---------------+-------------------------+-----
Fighting       | 3 4 5 6 |  6.2
Short Blades   | 3 4 |  4.0
Armour         | 1 2 |  2.9
Dodging        | 3 4 |  4.6
Long Blades    | 3 |  3.9
Invocations    | 2 |  2.3
Throwing       | |  1.7
Stealth        | |  4.0

Action                   |  1- 3 |  4- 6 |  7- 9 || total
-------------------------+-------+-------+-------++-------
Melee: Dagger            |   127 |   400 |   205 ||   732
       Falchion          |       |       |   314 ||   314
 Fire: Blowgun           |     2 |       |       ||     2
  Use: Potion            |       |     4 |     4 ||     8
       Scroll            |       |     1 |    11 ||    12
 Stab: Sleeping          |     6 |       |     4 ||    10
  Eat: Chunk             |     3 |     2 |    14 ||    19
       Beef jerky        |       |     2 |       ||     2
       Meat ration       |       |       |     1 ||     1
Armor: Robe              |    14 |       |       ||    14
       Ring mail         |    25 |    81 |   201 ||   307
Dodge: Dodged            |    76 |   173 |   292 ||   541
       Rpst.: Falchion   |       |       |    64 ||    64
